 Dungeon Crawl Stone Soup version 0.27.1-34-g3ba077fa99 (webtiles) character file.

Game seed: 7143179266565263780

91 mtoz the Skirmisher (level 4, -1/29 HPs)
             Began as a Gargoyle Fighter on Jan 6, 2022.
             Killed by divine providence
             ... invoked by an orc priest
              (15 damage)
             ... on level 3 of the Dungeon.
             The game lasted 00:06:27 (3130 turns).

mtoz the Skirmisher (Gargoyle Fighter)              Turns: 3130, Time: 00:06:28

Health: -1/29      AC: 11    Str: 20    XL:     4   Next: 59%
Magic:  4/4        EV:  7    Int:  9    God:
Gold:   106        SH:  9    Dex:  9    Spells: 3/3 levels left

rFire    . . .     SeeInvis .   a - +0 war axe (protect)
rCold    . . .     Faith    .   c - +0 kite shield
rNeg     + . .     Spirit   .   b - +0 scale mail
rPois    ∞         Reflect  .   (no helmet)
rElec    +         Harm     .   (no cloak)
rCorr    .         Rampage  .   (no gloves)
Will     .....                  m - +0 pair of boots
Stlth    ..........             (no amulet)
HPRegen  0.09/turn              (no ring)
MPRegen  0.09/turn              (no ring)

@: no status effects
A: sickness immunity, AC +3, negative energy resistance 1, electricity
resistance, torment resistance 1, petrification resistance
a: no special abilities


You were on level 3 of the Dungeon.
You visited 1 branch of the dungeon, and saw 3 of its levels.

You collected 106 gold pieces.

Inventory:

Hand Weapons
 a - a +0 war axe of protection (weapon)
 g - a +0 mace
Armour
 b - a +0 scale mail (worn)
 c - a +0 kite shield (worn)
 m - a +0 pair of boots (worn)
Potions
 e - a potion of flight {unknown}
 h - a potion of berserk rage {unknown}
 i - a potion of attraction {unknown}
 j - a potion of magic {unknown}
 k - a potion of cancellation {unknown}


   Skills:
 * Level 4.1 Fighting
 * Level 2.7 Axes
 + Level 3.8 Armour
 + Level 3.9 Shields


You had 3 spell levels left.
You didn't know any spells.
Your spell library contained the following spells:

 Spells                   Type           Power      Damage    Failure   Level
 Shock                    Conj/Air       0%         1d3       99%         1
 Blink                    Tloc           N/A        N/A       100%        2
 Lesser Beckoning         Tloc           0%         N/A       100%        3
 Swiftness                Air            0%         N/A       100%        3
 Airstrike                Air            0%         N/A       100%        4
 Manifold Assault         Tloc           0%         N/A       100%        5


Dungeon Overview and Level Annotations

Branches:
Dungeon (3/15)

Altars:
Zin


Innate Abilities, Weirdness & Mutations

You are immune to sickness and miasma.
Your stone body is resilient. (AC +3)
You are immune to poison.
You resist negative energy. (rN+)
You are resistant to electric shocks. (rElec)
You are resistant to unholy torment.
You are immune to petrification.


Message History

You see here a +0 dagger of electrocution.
You see here the felid corpse of Natasha.
You pick up a book of Spatial Translocations and begin reading...
You add the spells Blink, Lesser Beckoning and Manifold Assault to your library.
Okay, then.
Found 9 gold pieces.
Found 15 gold pieces.
A bat comes into view.
You block the bat's attack. The bat barely misses you. x2
You block the bat's attack. The bat closely misses you.
You block the bat's attack.
You barely miss the bat. The bat closely misses you.
The bat hits you but does no damage.
You closely miss the bat. The bat hits you but does no damage. x2
You miss the bat. The bat hits you but does no damage. x2
The bat hits you but does no damage. The bat hits you but does no damage.
You closely miss the bat. You block the bat's attack.
The bat hits you but does no damage.
You slash the bat!
Your weapon exudes an aura of protection.
You kill the bat!
No target in view!
You now have 106 gold pieces (gained 9).
Found a stone staircase leading down.
Found 10 stones.
Found a scroll of teleportation.
An orc and 3 orc priests come into view.
The orc priest shouts! x2
An adder comes into view.
The adder hisses angrily.
The orc priest invokes the aid of Beogh against you.
Beogh smites you!
Ouch! That really hurt!
The orc priest mumbles some strange prayers to Beogh against you.
Beogh smites you!
Ouch! That really hurt!
You die...

#########.#.........
#......##...o..o....
#......# #.#o# ..S..
#......# #.(.# .....
#......# ##.o#.o....
#......####..#......
#...................
#......####..###.###
#####...........@#
...........#######
......######
......######
.......$....
............
............
......###### ......#


You could see 3 orc priests, an adder and an orc.

Vanquished Creatures
  Natasha (D:3)
  An adder (D:2)
  4 worms
  4 dart slugs
  An orc (D:3)
  5 endoplasms
  2 goblins (D:2)
  A hobgoblin (D:2)
  4 jackals (D:1)
  3 ball pythons
  4 bats
  4 frilled lizards
  2 kobolds
  2 rats (D:1)
38 creatures vanquished.

Notes
Turn   | Place    | Note
-------+----------+-------------------------------------------
     0 | D:1      | mtoz the Gargoyle Fighter began the quest for the Orb.
     0 | D:1      | Reached XP level 1. HP: 14/14 MP: 1/1
   161 | D:1      | Reached XP level 2. HP: 2/19 MP: 2/2
   951 | D:1      | Reached XP level 3. HP: 23/23 MP: 3/3
  1990 | D:2      | Found a faded altar of an unknown god.
  2190 | D:2      | Found a glowing silver altar of Zin.
  2593 | D:2      | Reached XP level 4. HP: 4/29 MP: 4/4
  3074 | D:3      | Noticed Natasha
  3077 | D:3      | Killed Natasha
  3078 | D:3      | Reached skill level 4 in Fighting
  3130 | D:3      | Killed from afar by an orc priest

Illustrated notes

Levels and vault maps discovered:
D:1:      sevenhm_arrival_forest_fort_large_2, layout_basic
D:2:      layout_loops_cross, basic_altar, shapermc_ecumenical_altar_venn,
          minmay_domino_4
D:3:      layout_basic, serial_shops, nicolae_shop_behind_doors, uniq_natasha

Skill      XL: |  1  2  3  4 |
---------------+-------------+-----
Axes           | 2 |  2.7
Fighting       | 4 |  4.1
Armour         | |  3.8
Shields        | |  3.9

Action                   |  1- 3 |  4- 6 || total
-------------------------+-------+-------++-------
Melee: War axe           |   111 |    15 ||   126
  Use: Potion            |     1 |       ||     1
       Scroll            |       |     4 ||     4
Armor: Scale mail        |    72 |     9 ||    81
Dodge: Dodged            |    33 |    10 ||    43
Block: Kite shield       |    52 |     7 ||    59
